 Dungeon Crawl Stone Soup version 0.30-a0-557-ge2afbf3030 (webtiles) character file.

Game seed: 1107166344363477098

113 elagabalus the Digger (level 4, 24/24 HPs)
             Began as a Deep Elf Earth Elementalist on Dec 26, 2022.
             Quit the game on level 3 of the Dungeon on Dec 27, 2022.
             The game lasted 00:19:53 (1695 turns).

elagabalus the Digger (Deep Elf Earth Elementalist) Turns: 1695, Time: 00:19:53

Health: 24/24      AC:  2    Str:  5    XL:     4   Next: 65%
Magic:  10/10      EV: 13    Int: 22    God:
Gold:   89         SH:  0    Dex: 21    Spells: 3/9 levels left

rFire   . . .      SeeInvis .    c - staff of earth
rCold   . . .      Faith    .    (no shield)
rNeg    . . .      Spirit   .    a - +0 robe
rPois   .          Reflect  .    (no helmet)
rElec   .          Harm     .    (no cloak)
rCorr   .          Rampage  .    (no gloves)
Will    .....                    (no boots)
Stlth   ++                       (no amulet)
HPRegen 0.24/turn                m - +6 ring of dexterity
MPRegen 0.12/turn                (no ring)

@: no status effects
A: no striking features
a: no special abilities


You were on level 3 of the Dungeon.
You visited 1 branch of the dungeon, and saw 3 of its levels.

You collected 89 gold pieces.

Inventory:

Hand Weapons
 f - a +1 dagger of venom
Missiles
 j - 22 stones
Armour
 a - a +0 robe (worn)
Magical Staves
 c - a staff of earth (weapon)
Jewellery
 l - an amulet of guardian spirit
 m - a +6 ring of dexterity (left hand)
Scrolls
 e - 3 scrolls of identify
 g - a scroll of immolation
 i - 2 scrolls of fog
 k - a scroll of acquirement
 n - a scroll of silence {unknown}
Potions
 b - a potion of magic
 d - a potion of cancellation
 h - a potion of mutation
 o - a potion of degeneration {unknown}


   Skills:
 - Level 2.4 Dodging
 - Level 2.4 Stealth
 - Level 3.0 Spellcasting
 * Level 2.5 Conjurations
 - Level 1.1 Transmutations
 - Level 5.2 Earth Magic


You had 3 spell levels left.
You knew the following spells:

 Your Spells              Type           Power      Damage    Failure   Level
a - Sandblast             Erth           78%        2d17      1%          1
b - Passwall              Tmut/Erth      21%        N/A       4%          2
c - Stone Arrow           Conj/Erth      60%        3d10      8%          3

Your spell library contained the following spells:

 Spells                   Type           Power      Damage    Failure   Level
 Magic Dart               Conj           56%        1d5       4%          1
 Searing Ray              Conj           28%        2d5       6%          2
 Apportation              Tloc           6%         N/A       12%         1
 Necrotise                Necr           12%        1d4       12%         1
 Summon Small Mammal      Summ           12%        N/A       12%         1
 Ignite Poison            Fire/Tmut/Pois 4%         N/A       32%         3
 Kindle Blastsparks       Fire/Tloc/Air  6%         2d10      36%         3
 Petrify                  Tmut/Erth      26%        N/A       32%         4
 Fulminant Prism          Conj/Hex       4%         3d5       58%         4
 Freezing Cloud           Conj/Ice/Air   3%         6-21      94%         5


Dungeon Overview and Level Annotations

Branches:
Dungeon (3/15)

Altars:


Message History

Okay, then.
Aiming: Sandblast (safe; 1% risk of failure)
Press: ? - help, Q - select action, (/) - cycle Shift-Dir - straight line, f - giant cockroach
Aim: a giant cockroach (84% to hit)
You feel a surge of power!
The blast of sand hits the giant cockroach.
You kill the giant cockroach!
k - a scroll of acquirement You now have 64 gold pieces (gained 10).
Found 9 gold pieces.
Casting: Sandblast (safe; 1% risk of failure)
Confirm with . or Enter, or press ? or * to list all spells.
Okay, then.
Found 16 gold pieces.
You now have 73 gold pieces (gained 9).
You now have 89 gold pieces (gained 16).
HP restored.
Magic restored.
Okay, then.
Found a scroll of identify.
e - 3 scrolls of identify (gained 1)
Found a scroll labelled ENEKHL HEONIAQ.
n - a scroll labelled ENEKHL HEONIAQ
Found a ring mail.
You see here a +0 ring mail.
Found a golden potion.
Found a stone staircase leading up.
o - a golden potion
There is a stone staircase leading up here.
Found a book of Cantrips.
You pick up a book of Cantrips and begin reading...
You add the spells Necrotise, Summon Small Mammal and Apportation to your library.
Casting: Sandblast (safe; 1% risk of failure)
Confirm with . or Enter, or press ? or * to list all spells.
Okay, then.
Okay, then.
Save game and exit?
Welcome back, elagabalus the Deep Elf Earth Elementalist.
Press ? for a list of commands and other information.
Are you sure you want to abandon this character and quit the game? (Confirm with "yes".)

........#
##..######
##..#....#####.###
......##..........
##......##.#####.#
# ##.####.# #
#.####.# ...# ##.##
#..... #### #...#
#.#.##..#
#...#.#####@......#
#..<#.......#.###.#
#...####.#### #
#...# #.#
#####...####.##
..............#
..............#
..............#
###.......#####


There were no monsters in sight!

Vanquished Creatures
  3 gnolls (D:2)
  4 adders
  A worm (D:2)
  2 dart slugs
  4 endoplasms
  3 giant cockroaches
  3 goblins
  A hobgoblin (D:1)
  4 jackals (D:2)
  5 kobolds
  3 quokkas
  3 ball pythons (D:1)
  3 bats (D:1)
  3 frilled lizards
  A rat (D:2)
43 creatures vanquished.

Notes
Turn   | Place    | Note
-------+----------+-------------------------------------------
     0 | D:1      | elagabalus the Deep Elf Earth Elementalist began the quest
                  | for the Orb.
     0 | D:1      | Reached XP level 1. HP: 10/10 MP: 6/6
   228 | D:1      | Reached XP level 2. HP: 15/15 MP: 5/8
   235 | D:1      | Reached skill level 4 in Earth Magic
   243 | D:1      | Learned a level 2 spell: Passwall
   833 | D:2      | Identified a scroll of acquirement
   833 | D:2      | Acquired a staff of earth
   933 | D:2      | Reached XP level 3. HP: 19/19 MP: 6/9
   937 | D:2      | Learned a level 3 spell: Stone Arrow
  1155 | D:2      | Reached skill level 5 in Earth Magic
  1264 | D:2      | Reached XP level 4. HP: 24/24 MP: 8/10
  1269 | D:2      | Reached skill level 1 in Conjurations
  1423 | D:2      | Identified the +0 ring mail of Misanthropy {+Inv Will+}
  1546 | D:3      | Upgraded the game from 0.30-a0-553-g7fabdf1491 to
                  | 0.30-a0-557-ge2afbf3030
  1695 | D:3      | Quit the game

Illustrated notes

Levels and vault maps discovered:
D:1:      mrwooster_arrival_statue, layout_loops_ring
D:2:      layout_loops_ring, hangedman_glass_teeth
D:3:      layout_loops_cross, tso_metal_star, kennysheep_generic_room_14,
          uniq_robin

Skill      XL: |  1  2  3  4 |
---------------+-------------+-----
Earth Magic    | 4 5 |  5.2
Conjurations   | 2 |  2.5
Dodging        | |  2.4
Stealth        | |  2.4
Spellcasting   | |  3.0
Transmutations | |  1.1

Action                   |  1- 3 |  4- 6 || total
-------------------------+-------+-------++-------
 Cast: Sandblast         |    44 |    10 ||    54
       Passwall          |     1 |       ||     1
       Stone Arrow       |       |     1 ||     1
  Use: Scroll            |     6 |     3 ||     9
Armor: Robe              |     4 |       ||     4
Dodge: Dodged            |     1 |       ||     1

Table legend: (Time is in decaauts)
 A = Elapsed time spent in this place.
 B = Non-inter-level travel time spent in this place.
 C = Inter-level travel time spent in this place.
 D = Time resting spent in this place.
 E = Time spent auto-exploring this place.
 F = Levels seen in this place.
 G = Mean time per level.
                   A        B        C        D        E       F      G
               +--------+--------+--------+--------+--------+-----+--------+
         Total |   1720 |    303 |   1417 |      0 |      0 |   3 |  573.3 |
       Dungeon |   1720 |    303 |   1417 |      0 |      0 |   3 |  573.3 |
               +--------+--------+--------+--------+--------+-----+--------+

Top non-repeatable levels by time:
     D:1: 901 daAuts
     D:2: 658 daAuts
     D:3: 160 daAuts
